Selects Luftwaffe Battlegroup
Selects Fallschirmpioneer Squad Paradrop
Fallschirmpioneer Squad Paradrop
Fallschirmpioneer Squad Paradrop
Construct Infanterie Kompanie
Selects Stuka Strafing Run
Selects Fallschirmjäger Squad Paradrop
Fallschirmjäger Squad Paradrop
Construct Panzer Kompanie
Selects LG40 Recoilless Launcher Paradrop
Fallschirmjäger Squad Paradrop
Selects Infantry Reserves